 Seeded DCSS version 0.30.1-11-g7821555f0a (webtiles) character file.

Game seed: 5 (custom seed)

4139 Kazon the Shield-Bearer (level 10, -3/87 HPs)
             Began as a Naga Fighter on Jan 3, 2024.
             Was an Elder of Okawaru.
             Slain by a polar bear (5 damage)
             ... on level 8 of the Dungeon on Jan 4, 2024.
             The game lasted 00:36:14 (5288 turns).

Kazon the Shield-Bearer (Naga Fighter)              Turns: 5288, Time: 00:36:14

Health: -3/87      AC: 12    Str: 15    XL:     10   Next: 27%
Magic:  14/14      EV: 10    Int: 12    God:    Okawaru [****..]
Gold:   378        SH: 20    Dex: 26    Spells: 9/9 levels left

rFire   . . .        v - +0 hand axe (vamp)
rCold   . . .        c - +0 tower shield
rNeg    . . .        b - +0 scale mail
rPois   +            G - +0 helmet
rElec   +            (no cloak)
rCorr   .            M - +0 pair of gloves
SInv    +            (no barding)
Will    +....        (no amulet)
Stlth   ++++         q - ring "Cobbaestrao" {+Blink rElec Str-5 Int+4 Dex+6}
HPRegen 0.34/turn    B - +6 ring of dexterity
MPRegen 0.14/turn

%: no passive effects
@: short of breath, heroic, very slow
A: AC +3, large, see invisible, deformed body, poison resistance, slowness 2,
spit poison 1, naga tail 1
a: Spit Poison, Renounce Religion, Evoke Blink, Heroism, Finesse


You were on level 8 of the Dungeon.
You worshipped Okawaru.
Okawaru was greatly pleased with you.
You visited 2 branches of the dungeon, and saw 9 of its levels.
You also visited: Ossuary.

You collected 378 gold pieces.

Inventory:

Hand Weapons
 a - a +0 long sword
 e - a +2 vampiric dagger
 f - a +0 hand axe of flaming
 h - a +2 dagger of holy wrath
 v - a +0 vampiric hand axe (weapon)
Missiles
 j - 11 boomerangs (quivered)
 w - 11 poisoned darts
Armour
 b - a +0 scale mail (worn)
 c - a +0 tower shield (worn)
 G - a +0 helmet (worn)
 M - a +0 pair of gloves (worn)
Jewellery
 q - the ring "Cobbaestrao" (left hand) {+Blink rElec Str-5 Int+4 Dex+6}
   (You acquired it on level 1 of the Dungeon)

   [ring of dexterity]

   Str:       It affects your strength (-5).
   Int:       It affects your intelligence (+4).
   Dex:       It affects your dexterity (+6).
   rElec:     It insulates you from electricity.
   +Blink:    It lets you blink.
 B - a +6 ring of dexterity (right hand)
 C - an amulet of guardian spirit
Wands
 u - a wand of paralysis (7)
Scrolls
 g - a scroll of fog {unknown}
 m - a scroll of blinking {unknown}
 n - a scroll of summoning
 o - 5 scrolls of identify {unknown}
 p - 2 scrolls of magic mapping {unknown}
 t - 2 scrolls of teleportation {unknown}
 x - a scroll of amnesia {unknown}
 z - a scroll of torment {unknown}
 E - a scroll of poison {unknown}
 H - a scroll of enchant armour {unknown}
 I - 2 scrolls of fear {unknown}
 L - a scroll of enchant weapon {unknown}
Potions
 d - a potion of might
 i - 2 potions of invisibility {unknown}
 k - 5 potions of curing {unknown}
 l - 2 potions of berserk rage {unknown}
 r - a potion of lignification {unknown}
 s - 5 potions of flight {unknown}
 A - 4 potions of heal wounds {unknown}
 D - 4 potions of attraction {unknown}
 F - a potion of resistance {unknown}
 J - a potion of haste {unknown}
 K - 2 potions of brilliance {unknown}
 N - a potion of magic


   Skills:
 + Level 4.5(9.5) Fighting
 + Level 4.6(10.0) Short Blades
 + Level 2.7(9.1) Long Blades
 + Level 2.3(7.3) Axes
 + Level 3.1(8.1) Throwing
 + Level 5.3(10.3) Armour
 + Level 2.3(7.3) Dodging
 + Level 5.0(10.0) Stealth
 + Level 6.3(11.3) Shields
 * Level 5.5 Invocations
 * Level 5.4 Evocations


You had 9 spell levels left.
You didn't know any spells.
Your spell library contained the following spells:

 Spells                   Type           Power      Damage    Failure   Level
 Frozen Ramparts          Ice            0%         1d1       100%        3
 Ignite Poison            Fire/Tmut/Pois 0%         N/A       100%        3
 Ice Form                 Ice/Tmut       0%         N/A       100%        4
 Sticky Flame             Conj/Fire      0%         2d3       100%        4
 Eringya's Noxious Bog    Tmut/Pois      0%         N/A       100%        6
 Ignition                 Fire           0%         3d3       100%        8
 Summon Ice Beast         Ice/Summ       Unusable   N/A       N/A         4
 Summon Forest            Summ/Tloc      Unusable   N/A       N/A         5
 Summon Hydra             Summ           Unusable   N/A       N/A         7

Dungeon Overview and Level Annotations

Branches:
Dungeon (8/15)             Temple (1/1) D:4         Ossuary (visited)
   Lair: D:8-11

Altars:
Dithmenos
Fedhas
Gozag
Hepliaklqana
Okawaru
Qazlal
Trog
Uskayaw
Wu Jian
Xom
The Shining One


Innate Abilities, Weirdness & Mutations

Your serpentine skin is tough. (AC +3)
You have supernaturally acute eyesight. (SInv)
Armour fits poorly on your strangely shaped body.
Your system is resistant to poisons. (rPois)
You cover ground very slowly.
You can spit poison.
You have a snake-like lower body.


Message History

The polar bear bites you but does no damage.
The polar bear barely misses you. You block the polar bear's attack.
The polar bear barely misses you. You block the polar bear's attack. x2
You hit the polar bear but do no damage.
The polar bear is almost dead.
You block the polar bear's attack. The polar bear claws you.
The polar bear claws you but does no damage.
The polar bear bites you! You block the polar bear's attack.
The polar bear claws you but does no damage.
You hit the polar bear but do no damage.
The polar bear is almost dead.
The polar bear bites you! You block the polar bear's attack. x2
You hit the polar bear but do no damage.
The polar bear is almost dead.
The polar bear bites you but does no damage.
You block the polar bear's attack. x2; The polar bear bites you!
The polar bear claws you but does no damage. x2
You hit the polar bear but do no damage.
The polar bear is almost dead.
You block the polar bear's attack. x3; The polar bear bites you!
* * * LOW HITPOINT WARNING * * *
The polar bear claws you but does no damage.
You block the polar bear's attack.
You closely miss the polar bear.
The polar bear is severely wounded.
You block the polar bear's attack. x3; The polar bear barely misses you.
The polar bear claws you.
* * * LOW HITPOINT WARNING * * *
You block the polar bear's attack.
Aiming: Spit Poison (1% risk of failure)
Press: ? - help, Shift-Dir - straight line, f/p - polar bear
Aim: a polar bear (severely wounded, berserk, 74% to hit)
The splash of poison hits the polar bear but does no damage.
The polar bear is poisoned.
The polar bear is severely wounded.
The polar bear bites you!!
* * * LOW HITPOINT WARNING * * *
The polar bear claws you but does no damage.
You block the polar bear's attack. The polar bear bites you.
You die...

...#..8..# ##...#
.. #.....# #...##
.
##.....###....###
#......#.........
......#.....#####
...... ##..###
... ##.#
.....###..#
..8...h@..#
....##....# .
####..# ..#..
.###.# . #)# ..
.# #


You could see a polar bear (berserk, poisoned).

Vanquished Creatures
  A two-headed ogre (D:7)
  Sigmund (D:4)
  Duvessa (D:6)
  A water moccasin (D:6)
  A sky beast (D:7)
  3 black bears
  2 centaurs
  2 ogres
  An elf zombie (Ossuary)
  A kobold brigand (D:7)
  3 scorpions
  15 wights
  4 killer bees (D:7)
  Dowan (D:6)
  A howler monkey (D:6)
  A vampire bat (D:7)
  6 hounds
  A centaur zombie (Ossuary)
  3 orc priests (D:6)
  3 human zombies (Ossuary)
  A jelly (D:5)
  6 iguanas
  4 orc wizards (D:6)
  4 ogre zombies (Ossuary)
  7 mummies (Ossuary)
  4 gnolls (D:5)
  9 adders
  A white imp (D:7)
  2 ufetubi
  A worm zombie (D:7)
  2 adder zombies (Ossuary)
  3 worms
  15 orcs
  12 bats
  9 endoplasms
  A giant cockroach (D:1)
  12 goblins
  7 hobgoblins
  11 jackals
  10 kobolds
  3 quokkas (D:4)
  6 ball pythons
  3 frilled lizards
  4 goblin zombies (Ossuary)
  6 hobgoblin zombies
  3 kobold zombies
  4 quokka zombies (Ossuary)
  4 rats
  4 rat zombies (Ossuary)
210 creatures vanquished.

Notes
Turn   | Place    | Note
-------+----------+-------------------------------------------
     0 | D:1      | Kazon the Naga Fighter began the quest for the Orb.
     0 | D:1      | Reached XP level 1. HP: 21/21 MP: 1/1
    34 | D:1      | Identified a scroll of acquirement
    34 | D:1      | Acquired the ring "Cobbaestrao" {+Blink rElec Str-5 Int+4
                  | Dex+6}
    50 | D:1      | Reached XP level 2. HP: 23/28 MP: 2/2
   301 | D:1      | Reached XP level 3. HP: 34/34 MP: 3/3
   407 | D:1      | Reached skill level 1 in Stealth
   886 | D:2      | Reached skill level 1 in Axes
   886 | D:2      | Reached XP level 4. HP: 41/42 MP: 4/4
   902 | D:2      | Reached skill level 3 in Shields
  1245 | D:2      | Reached skill level 1 in Throwing
  1538 | D:3      | Found a blossoming altar of Fedhas.
  1545 | D:3      | Reached XP level 5. HP: 46/49 MP: 5/5
  1670 | D:3      | Found a stormy altar of Qazlal.
  1760 | D:3      | Identified the +2 sling "Qeuhanocyt" {speed, rElec Str-3
                  | Dex+2}
  1777 | D:3      | Found a faded altar of an unknown god.
  1954 | D:4      | Found a staircase to the Ecumenical Temple.
  1962 | Temple   | Entered the Ecumenical Temple
  1976 | Temple   | Became a worshipper of Warmaster Okawaru
  2033 | D:4      | Noticed a black bear
  2038 | D:4      | Reached skill level 1 in Evocations
  2053 | D:4      | Killed a black bear
  2061 | D:4      | Reached XP level 6. HP: 35/56 MP: 6/6
  2067 | D:4      | Found a hazy altar of Hepliaklqana.
  2069 | D:4      | Found a shadowy altar of Dithmenos.
  2070 | D:4      | Noticed a shadow
  2163 | D:4      | Noticed Sigmund
  2174 | D:4      | Killed Sigmund
  2174 | D:4      | Reached * piety under Okawaru
  2175 | D:4      | Reached skill level 1 in Short Blades
  2175 | D:4      | Reached skill level 1 in Invocations
  2224 | D:4      | Noticed a black bear
  2234 | D:4      | Killed a black bear
  2235 | D:4      | Reached XP level 7. HP: 13/63 MP: 8/8
  2725 | D:5      | Entered Level 5 of the Dungeon
  2835 | D:5      | Reached ** piety under Okawaru
  2861 | D:5      | Reached skill level 4 in Shields
  2916 | D:5      | Reached skill level 1 in Dodging
  2916 | D:5      | Reached XP level 8. HP: 62/72 MP: 9/9
  3191 | D:6      | Noticed Dowan
  3193 | D:6      | Noticed Duvessa
  3218 | D:6      | Killed Duvessa
  3225 | D:6      | Killed Dowan
  3411 | D:6      | Found a shimmering altar of Xom.
  3585 | D:6      | Reached skill level 5 in Shields
  3771 | D:7      | Reached *** piety under Okawaru
  3772 | D:7      | Reached XP level 9. HP: 70/78 MP: 11/11
  3938 | D:7      | Found a sand-covered staircase.
  3959 | Ossuary  | Entered an ossuary
  4591 | D:7      | Reached skill level 5 in Armour
  4662 | D:7      | Noticed a two-headed ogre
  4672 | D:7      | Killed a two-headed ogre
  4673 | D:7      | Reached skill level 6 in Shields
  4673 | D:7      | Reached skill level 5 in Invocations
  4673 | D:7      | Reached skill level 5 in Evocations
  4673 | D:7      | Reached XP level 10. HP: 50/87 MP: 11/13
  4764 | D:7      | Reached **** piety under Okawaru
  4849 | D:7      | Reached skill level 5 in Stealth
  5288 | D:8      | HP: 2/87 [polar bear (20)]
  5288 | D:8      | Slain by a polar bear

Illustrated notes

Levels and vault maps discovered:
D:1:      ebering_trefoil_3fold, layout_basic, st_stairs_14, serial_bayou_ford_a
D:2:      layout_basic, hangedman_decor_growths, minmay_close_crescents
D:3:      layout_rooms, mainiacjoe_overflow_concentric_impassable,
          mainiacjoe_overflow_paths, shapermc_ecumenical_altar_acropolis,
          chequers_serial_rivers_micro_b
D:4:      layout_basic, riverfiend_overflow_shadow_ancestor,
          minmay_temple_entry_glass, uniq_sigmund
D:5:      layout_gridville
D:6:      layout_basic, xom_teletrap_fun, uniq_duvessa
D:7:      layout_loops_ring, enter_ossuary_3, roderic_batcave
D:8:      layout_layer_cave, minmay_lair_entry_grove, serial_shops,
          nicolae_lakefront_shop, serial_ice, serial_ice_o, serial_ice_d,
          serial_ice_k, serial_ice_a
Temple:   nicolae_temple_elliptical

Skill      XL: |  1  2  3  4  5  6  7  8  9 10 |
---------------+-------------------------------+-----
Stealth        | 1 2 3 4 5 |  5.0
Axes           | 1 2 |  2.3
Shields        | 3 4 5 6 |  6.3
Throwing       | 1 2 3 |  3.1
Evocations     | 1 2 3 5 |  5.4
Armour         | 3 4 5 |  5.3
Short Blades   | 1 2 4 |  4.6
Invocations    | 1 2 3 5 |  5.5
Dodging        | 1 2 |  2.3
Fighting       | 4 |  4.5
Long Blades    | |  2.7

Action                     |  1- 3 |  4- 6 |  7- 9 | 10-12 || total
---------------------------+-------+-------+-------+-------++-------
  Melee: Long sword        |    62 |    69 |       |       ||   131
         Dagger            |       |    50 |   535 |    85 ||   670
         Hand axe          |       |       |    17 |    74 ||    91
  Throw: Stone             |       |     5 |    46 |     3 ||    54
         Dart              |       |       |    13 |       ||    13
         Boomerang         |       |       |     6 |     4 ||    10
 Invoke: Heroism           |       |       |     8 |     2 ||    10
Ability: Spit Poison       |    19 |    31 |    51 |     4 ||   105
  Evoke: Wand              |       |       |     1 |       ||     1
    Use: Scroll            |     2 |       |     1 |       ||     3
         Potion            |     1 |       |       |       ||     1
   Stab: Sleeping          |       |     2 |    11 |     5 ||    18
         Paralysed         |       |       |     1 |       ||     1
 Armour: Scale mail        |    38 |    75 |   119 |    58 ||   290
  Dodge: Dodged            |    11 |    12 |    46 |    28 ||    97
  Block: Buckler           |     6 |       |       |       ||     6
         Tower shield      |    11 |   130 |   480 |   170 ||   791
